 Dungeon Crawl Stone Soup version 0.31-a0-441-g867994ef1c (webtiles) character file.

Game seed: 7950319165878236043

35 redmage the Digger (level 3, -2/26 HPs)
             Began as a Meteoran Earth Elementalist on Aug 2, 2023.
             Slain by an ice beast (13 damage)
             ... on level 3 of the Dungeon.
             The game lasted 00:03:50 (232 turns).

redmage the Digger (Meteoran Earth Elementalist)     Turns: 232, Time: 00:03:51

Health: -2/26      AC:  2    Str:  9    XL:     3   Next: 76%
Magic:  6/8        EV: 12    Int: 19    God:
Gold:   33         SH:  0    Dex: 14    Spells: 2/8 levels left

rFire   . . .        (no weapon)
rCold   . . .        (no shield)
rNeg    . . .        a - +0 robe
rPois   .            (no helmet)
rElec   .            (no cloak)
rCorr   .            (no gloves)
SInv    .            (no boots)
Will    .....        (no amulet)
Stlth   +            c - +4 ring of slaying
HPRegen 0.24/turn    (no ring)
MPRegen 0.11/turn

%: no passive effects
@: glowing
A: sense surroundings 1, otherworldly, glowing, explore regen
a: no special abilities


You were on level 3 of the Dungeon.
You visited 1 branch of the dungeon, and saw 4 of its levels.

You collected 33 gold pieces.

Inventory:

Armour
 a - a +0 robe (worn)
Jewellery
 c - a +4 ring of slaying (left hand)
Scrolls
 e - 2 scrolls of identify {unknown}
Potions
 b - a potion of magic
 d - 2 potions of ambrosia {unknown}


   Skills:
 - Level 2.4 Dodging
 - Level 1.4 Stealth
 - Level 3.0 Spellcasting
 * Level 1.3 Conjurations
 - Level 2.0 Transmutations
 + Level 4.4 Earth Magic


You had 2 spell levels left.
You knew the following spells:

 Your Spells              Type           Power      Damage    Failure   Level
a - Sandblast             Erth           38%        2d10      2%          1
b - Passwall              Tmut/Erth      12%        N/A       6%          2
c - Stone Arrow           Conj/Erth      26%        3d8       14%         3

Your spell library contained the following spells:

 Spells                   Type           Power      Damage    Failure   Level
 Petrify                  Tmut/Erth      15%        N/A       38%         4


Dungeon Overview and Level Annotations

Branches:
Dungeon (4/15) Zot: 2153
 Temple: D:4-7

Altars:


Innate Abilities, Weirdness & Mutations

You passively map a small area around you.
You are easily found by Zot.
You glow in the dark.
You regain HP and MP as you explore.


Message History

Unknown command.
Unknown command.
Found a stone staircase leading down.
Found a stone staircase leading down.
There is a stone staircase leading down here.
You climb downwards.
The ball python hisses angrily.
The kobold shouts!
There is a stone staircase leading up here.
Casting: Sandblast (safe; 2% risk of failure)
Confirm with . or Enter, or press ? or * to list all spells.
Okay, then.
Unknown command.
Unknown command.
Unknown command.
Unknown command.
Okay, then.
Unknown command.
The ice beast barely misses you.
You climb upwards.
There is a stone staircase leading down here.
Casting: Sandblast (safe; 2% risk of failure)
Confirm with . or Enter, or press ? or * to list all spells.
Aiming: Sandblast (safe; 2% risk of failure)
Press: ? - help, Shift-Dir - straight line, f - ice beast
Aim: an ice beast (82% to hit)
The blast of sand hits the ice beast.
The ice beast is lightly wounded.
The ice beast hits you. The ice beast freezes you!
Unknown command.
Unknown command.
Casting: Sandblast (safe; 2% risk of failure)
Confirm with . or Enter, or press ? or * to list all spells.
Aiming: Sandblast (safe; 2% risk of failure)
Press: ? - help, Shift-Dir - straight line, f/p - ice beast
Aim: an ice beast (lightly wounded, 82% to hit)
The blast of sand hits the ice beast but does no damage.
The ice beast is lightly wounded.
The ice beast hits you. The ice beast freezes you!
Ouch! That really hurt!
You die...

###....#########.......#,
.†.....................+
###....#########....###
##.#.# #.#.## , ###.# #.#
# #.# #####.### #.#
#.......# #.# #.###Y#.#
#.# #@#.# * #.#.# * * ,
#..>., , * ###.# * .# .#
* *


You could see an ice beast.

Vanquished Creatures
  An adder (D:3)
  2 dart slugs
  2 endoplasms
  A giant cockroach (D:2)
  2 hobgoblins (D:1)
  4 jackals (D:1)
  A quokka (D:2)
  3 bats
  2 frilled lizards (D:1)
  2 kobolds (D:1)
20 creatures vanquished.

Notes
Turn   | Place    | Note
-------+----------+-------------------------------------------
     0 | D:1      | redmage the Meteoran Earth Elementalist began the quest for
                  | the Orb.
     0 | D:1      | Reached XP level 1. HP: 14/14 MP: 5/5
    59 | D:1      | Reached XP level 2. HP: 20/20 MP: 0/6
    70 | D:1      | Learned a level 2 spell: Passwall
    87 | D:1      | Reached skill level 4 in Earth Magic
   140 | D:1      | Reached XP level 3. HP: 21/26 MP: 0/8
   144 | D:1      | Learned a level 3 spell: Stone Arrow
   177 | D:3      | Reached skill level 1 in Conjurations
   228 | D:4      | Noticed an ice beast
   232 | D:3      | Slain by an ice beast

Illustrated notes

Levels and vault maps discovered:
D:1:      scummos_arrival_checkerplants, layout_loops_ring, serial_shops, shop,
          serial_aquarium, aquarium_bridge_square [aquarium_subvault_bridge,
          aquarium_subvault_wall, aquarium_subvault_window,
          aquarium_subvault_bridge], aquarium_window_2, aquarium_window_corner,
          aquarium_view_2d, aquarium_pool_2, dk_noncrumbling_4
D:2:      layout_basic, basic_altar, serial_shops, shop,
          chequers_serial_rivers_large_b, minmay_tromino_i2, uniq_sigmund,
          uniq_terence
D:3:      layout_loops_corners
D:4:      layout_basic, minmay_temple_entry_waves, st_stairs_14,
          minmay_misc_feat_room, minmay_diced_spiral

Skill      XL: |  1  2  3 |
---------------+----------+-----
Earth Magic    | 4 |  4.4
Spellcasting   | 3 |  3.0
Transmutations | 2 |  2.0
Conjurations   | 1 |  1.3
Dodging        | |  2.4
Stealth        | |  1.4

Action                     || total
---------------------------++-------
  Melee: Unarmed           ||     2
   Cast: Sandblast         ||    27
 Armour: Robe              ||     7
  Dodge: Dodged            ||    12

Table legend: (Time is in decaauts)
 A = Elapsed time spent in this place.
 B = Non-inter-level travel time spent in this place.
 C = Inter-level travel time spent in this place.
 D = Time resting spent in this place.
 E = Time spent auto-exploring this place.
 F = Levels seen in this place.
 G = Mean time per level.
                   A        B        C        D        E       F      G
               +--------+--------+--------+--------+--------+-----+--------+
         Total |    245 |    245 |      0 |      0 |      0 |   4 |   61.2 |
       Dungeon |    245 |    245 |      0 |      0 |      0 |   4 |   61.2 |
               +--------+--------+--------+--------+--------+-----+--------+

Top non-repeatable levels by time:
     D:1: 158 daAuts
     D:3: 60 daAuts
     D:2: 25 daAuts
     D:4: 1 daAuts
